AoeStats
← Behind You

Black Forest

510736231Analyzed
4v4 RM · 14h ago on Oct 2, 2026· 64m 22s· 8 players
Game mode
Random Map
Map size
Large (8 player)
Population
200
Speed
Normal
Resources
Standard
Victory
Conquest
Starting age
Dark Age
Ending age
Imperial Age
RankedLock teamsTeams togetherTeam positionsShared explorationLock speedFull tech treeHidden civsTurbo modeCheats
Victory
Defeat
🇹🇷 Goths · Türkiye
1395
+12
🇬🇧 Saxons · United Kingdom
1379
+13
🇭🇰 Vietnamese · Hong Kong SAR China
1338
+15
🇬🇧 Danes · United Kingdom
1330
+16
🇨🇳 Koreans · China
1331
-15
🇹🇼 Saxons · Taiwan
1328
-14
🇮🇩 Jurchens · Indonesia
1317
-14
🇯🇵 Mongols · Japan
1283
-13
'The Glue'
0:37 Loom
13:20 Feudal Age
16:38 Castle Age
16:58 Fishing Lines
19:38 Double-Bit Axe
21:52 Stone Mining
21:45 Horse Collar
26:02 Fishing Lines
27:30 Wheelbarrow
28:25 Bow Saw
28:09 Gold Mining
28:59 Gillnets
31:55 Imperial Age
29:14 Town Watch
30:34 Hand Cart
30:45 Scale Mail Armor
30:55 Forging
31:08 Masonry
31:01 Caravan
31:06 Arson
31:08 Gambesons
32:21 Coinage
32:32 Chain Mail Armor
32:53 Iron Casting
32:24 Squires
31:57 Elite Varangian Guard
33:32 Heavy Plow
35:08 Plate Mail Armor
35:39 Blast Furnace
35:53 Conscription
Oliver
0:58 Loom
13:12 Feudal Age
13:38 Arson
13:14 Man-at-Arms
19:46 Castle Age
18:23 Double-Bit Axe
19:19 Horse Collar
21:28 Scale Mail Armor
25:04 Bow Saw
32:11 Imperial Age
36:10 Conscription
37:32 Squires
39:42 Elite Varangian Guard
40:07 Gambesons
40:47 Chain Mail Armor
40:43 Forging
45:31 Capped Ram
47:43 Shield Wall
49:30 Wheelbarrow
51:59 Iron Casting
52:02 Plate Mail Armor
52:38 Gold Mining
53:06 Siege Ram
58:41 Heavy Plow
60:58 Fletching
62:22 Town Watch
62:53 Hand Cart
reckem3
11:24 Feudal Age
16:14 Castle Age
14:50 Double-Bit Axe
15:10 Fishing Lines
20:13 Horse Collar
21:11 Fervor
25:06 Wheelbarrow
25:33 Gillnets
26:29 Hand Cart
26:37 Hand Cart
30:50 Imperial Age
28:06 Town Watch
28:35 Bow Saw
29:01 Anarchy
29:08 Scale Mail Armor
30:13 Treadmill Crane
31:17 Squires
31:32 Forging
31:37 Chain Mail Armor
31:31 Heavy Plow
30:53 Elite Huskarl
31:35 Perfusion
31:56 Conscription
31:51 Pikeman
33:09 Iron Casting
33:14 Crop Rotation
33:46 Two-Man Saw
33:01 Halberdier
35:16 Chemistry
35:18 Town Patrol
50:56 Caravan
51:58 Blast Furnace
51:16 Medium Warships
56:25 Fletching
57:03 Bodkin Arrow
57:30 Ballistics
Wind
5:41 Loom
11:00 Feudal Age
12:07 Double-Bit Axe
15:10 Castle Age
13:02 Horse Collar
16:40 Bow Saw
18:35 Fishing Lines
21:30 Wheelbarrow
21:01 Heavy Plow
23:01 Gillnets
24:01 Gold Mining
24:53 Stone Mining
29:25 Imperial Age
27:23 Scale Barding Armor
27:29 Forging
28:11 Hand Cart
28:47 Chain Barding Armor
29:42 Chatras
30:19 Iron Casting
30:21 Bloodlines
30:11 Husbandry
29:33 Elite Battle Elephant
30:55 Plate Barding Armor
31:09 Bloodlines
31:03 Husbandry
32:51 Two-Man Saw
32:25 Crop Rotation
33:41 Siege Engineers
35:13 Paper Money
36:24 Ballistics
37:04 Chemistry
35:56 Fletching
36:07 Padded Archer Armor
38:08 Elite Skirmisher
38:54 Thumb Ring
38:51 Imperial Skirmisher
39:28 Bodkin Arrow
39:49 Leather Archer Armor
39:57 Bombard Tower
39:23 Arrowslits
50:22 Bracer
50:54 Ring Archer Armor
50:35 Masonry
50:06 Treadmill Crane
63:02 Stone Shaft Mining
ALmotema
1:04 Loom
12:26 Feudal Age
15:33 Fletching
15:42 Double-Bit Axe
20:26 Castle Age
18:26 Fishing Lines
19:54 Stone Mining
21:48 Bow Saw
27:46 Wheelbarrow
28:20 Horse Collar
28:46 Gillnets
30:53 Gold Mining
34:21 Imperial Age
32:45 Squires
32:30 Gambesons
32:07 Man-at-Arms
32:33 Arson
32:17 Pikeman
34:33 Scale Mail Armor
35:07 Heavy Plow
38:27 Two-Man Saw
37:59 Crop Rotation
37:54 Chain Mail Armor
37:05 Halberdier
40:49 Hand Cart
40:52 Forging
41:33 Town Watch
45:49 Caravan
47:28 Plate Mail Armor
47:08 Long Swordsman
49:18 Iron Casting
51:37 Two-Handed Swordsman
56:03 Champion
61:27 Bodkin Arrow
ふぁいやー
10:57 Feudal Age
12:13 Double-Bit Axe
12:20 Gold Mining
14:55 Castle Age
16:02 Bow Saw
16:06 Horse Collar
24:47 Wheelbarrow
26:58 Gold Shaft Mining
30:36 Imperial Age
28:01 Fletching
31:24 Caravan
31:03 Onager
32:05 Hand Cart
31:36 Loom
32:33 Careening
32:38 Masonry
32:52 Drill
32:53 Conscription
33:23 Siege Engineers
33:25 Bodkin Arrow
34:33 Siege Onager
35:20 Bracer
38:06 Hoardings
39:10 Sappers
39:47 Padded Archer Armor
39:09 Elite Mangudai
41:29 Ballistics
42:09 Chemistry
43:23 Thumb Ring
43:19 Husbandry
43:30 Bloodlines
50:10 Capped Ram
51:27 Light Cavalry
58:36 Forging
58:32 Scale Barding Armor
62:29 Siege Ram
717504720
7:21 Loom
10:59 Feudal Age
15:22 Castle Age
13:38 Fishing Lines
14:10 Double-Bit Axe
16:16 Bow Saw
18:32 Gillnets
19:30 Wheelbarrow
22:37 Gold Mining
23:57 Stone Mining
29:30 Imperial Age
27:11 Fletching
27:43 Ballistics
28:01 Bodkin Arrow
28:22 Scale Mail Armor
28:32 Forging
28:15 Horse Collar
28:23 Treadmill Crane
28:55 Masonry
29:07 Squires
28:53 Arson
29:50 Chain Mail Armor
29:37 Loom
30:13 Hand Cart
31:13 Chemistry
30:17 Bracer
31:33 Two-Man Saw
31:15 Heavy Plow
31:51 Gold Shaft Mining
31:52 Stone Shaft Mining
31:44 Siege Engineers
31:21 Heavy Rocket Cart
32:54 Conscription
32:15 Elite Fire Lancer
33:34 Chain Mail Armor
33:54 Iron Casting
33:10 Arrowslits
35:09 Architecture
34:35 Murder Holes
35:42 Plate Mail Armor
37:16 Guilds
41:09 Town Watch
42:13 Fortified Wall
49:32 Capped Ram
50:33 Caravan
53:25 Pikeman
54:05 Halberdier
58:24 Crossbowman
59:10 Thumb Ring
Behind You
0:42 Loom
10:22 Feudal Age
10:53 Feudal Age
18:22 Castle Age
18:31 Double-Bit Axe
18:28 Horse Collar
19:52 Gold Mining
20:18 Bow Saw
21:23 Wheelbarrow
24:10 Fishing Lines
26:14 Hand Cart
26:14 Gold Mining
26:16 Stone Mining
27:30 Caravan
30:50 Imperial Age
28:24 Gillnets
29:33 Forging
29:28 Scale Barding Armor
29:33 Forging
29:28 Scale Barding Armor
29:24 Padded Archer Armor
29:20 Fletching
29:32 Heavy Plow
30:34 Bloodlines
30:15 Light Cavalry
30:56 Husbandry
32:16 Conscription
31:57 Bodkin Arrow
33:33 Chemistry
34:08 Iron Casting
33:53 Chain Barding Armor
34:09 Iron Casting
36:14 Town Watch
37:38 Blast Furnace
36:58 Chain Barding Armor
37:38 Blast Furnace
37:46 Elite Steppe Lancer
40:32 Chain Barding Armor
42:06 Plate Barding Armor
43:16 Capped Ram
50:47 Padded Archer Armor
52:54 Scale Mail Armor
54:30 Chain Mail Armor
Connection lost

Rejoining the realm…

Still unreachable

The connection could not be restored.

Session expired

The server has moved on; the page needs a fresh start.